 Dungeon Crawl Stone Soup version 0.28.0-43-g3370ac3207 (webtiles) character file.

Game seed: 12488788700157676779

1778 mcbry74 the Spear-Bearer (level 9, -1/61 HPs)
             Began as a Merfolk Gladiator on Mar 21, 2022.
             Was a Believer of Makhleb.
             Slain by an ogre
             ... wielding a +0 giant club
              (9 damage)
             ... on level 6 of the Dungeon.
             The game lasted 00:32:09 (5677 turns).

mcbry74 the Spear-Bearer (Merfolk Gladiator)        Turns: 5677, Time: 00:32:10

Health: -1/61      AC:  6    Str: 14    XL:     9   Next: 8%
Magic:  11/12      EV: 13    Int: 12    God:    Makhleb [**....]
Gold:   179        SH:  0    Dex: 15    Spells: 6/8 levels left

rFire   . . .      SeeInvis .   a - +1 trident (vamp)
rCold   . . .      Faith    .   (no shield)
rNeg    + . .      Spirit   .   b - +0 leather armour
rPois   .          Reflect  .   r - +2 helmet of Cops {rN+ Will+ Regen+ rCorr}
rElec   .          Harm     .   (no cloak)
rCorr   +          Rampage  .   (no gloves)
Will    +....                   (no boots)
Stlth   +.........              (no amulet)
HPRegen 1.00/turn               D - ring of flight
MPRegen 0.13/turn               E - ring of wizardry

@: flying
A: (nimble swimmer 2), mertail
a: Renounce Religion, Minor Destruction


You were on level 6 of the Dungeon.
You worshipped Makhleb.
Makhleb was pleased with you.
You visited 1 branch of the dungeon, and saw 6 of its levels.
You also visited: Sewer.

You collected 179 gold pieces.

Inventory:

Hand Weapons
 a - a +1 vampiric trident (weapon)
 o - a +2 dagger of venom
 u - a +1 vorpal spear
Missiles
 d - a curare-tipped dart
 i - 57 stones
 k - 22 sling bullets
 A - 18 poisoned darts (quivered)
Armour
 b - a +0 leather armour (worn)
 c - a +0 helmet
 m - a +0 cloak
 r - the +2 helmet of Cops (worn) {rN+ Will+ Regen+ rCorr}
   (You found it on level 3 of the Dungeon)

   rN:        It protects you from negative energy.
   Regen:     It increases your rate of health regeneration.
   rCorr:     It protects you from acid and corrosion.
   Will:      It increases your willpower.
Jewellery
 D - a ring of flight (left hand)
 E - a ring of wizardry (right hand)
Scrolls
 f - 3 scrolls of teleportation
 w - a scroll of enchant armour
 x - a scroll of fear
 y - a scroll of noise {unknown}
 z - a scroll of blinking {unknown}
Potions
 e - 2 potions of degeneration {unknown}
 g - a potion of attraction {unknown}
 h - 2 potions of haste {unknown}
 j - 2 potions of flight {unknown}
 l - 2 potions of brilliance {unknown}
 n - 4 potions of curing
 p - a potion of invisibility {unknown}
 q - 2 potions of mutation {unknown}
 s - 2 potions of lignification {unknown}
 t - a potion of berserk rage {unknown}
 v - 2 potions of cancellation {unknown}
 B - a potion of heal wounds {unknown}
 C - a potion of might {unknown}


   Skills:
 - Level 2.2 Fighting
 * Level 12.0 Polearms
 + Level 5.8 Throwing
 - Level 4.0 Dodging
 - Level 4.1 Transmutations
 + Level 5.1 Invocations


You had 6 spell levels left.
You knew the following spells:

 Your Spells              Type           Power      Damage    Failure   Level
a - Wereblood             Tmut           9%         N/A       4%          2

Your spell library contained the following spells:

 Spells                   Type           Power      Damage    Failure   Level
 Beastly Appendage        Tmut           18%        N/A       3%          1
 Spider Form              Tmut/Pois      4%         N/A       22%         3
 Stone Arrow              Conj/Erth      0%         3d7       43%         3
 Animate Armour           Summ/Erth      0%         N/A       82%         4
 Lehudib's Crystal Spear  Conj/Erth      0%         10d2      100%        8


Dungeon Overview and Level Annotations

Branches:
Dungeon (6/15)              Sewer (visited)
 Temple: D:4-7

Altars:
Makhleb

Shops:
D:2 !


Innate Abilities, Weirdness & Mutations

((You are very nimble when in or above water. (Stealth+, EV+, Speed+++)))
Your lower body shifts to a powerful aquatic tail in water.


Message History

Confirm with . or Enter, or press ? or * to list all spells.
You miscast Wereblood.
You are very lightly contaminated with residual magic.
Nothing appears to happen.
The black bear barely misses you. x2
The black bear closely misses you. The black bear bites you!
The black bear barely misses you. The black bear claws you.
You hit the black bear.
The black bear is almost dead.
The black bear misses you.
The black bear claws you but does no damage.
The black bear closely misses you.
You hit the black bear but do no damage.
The black bear is almost dead.
The black bear bites you but does no damage.
The black bear claws you.
The black bear claws you but does no damage.
You hit the black bear.
You feel better.
The black bear is almost dead.
The black bear bites you.
The black bear claws you but does no damage.
The black bear barely misses you.
You puncture the black bear!
You feel better.
You kill the black bear!
Makhleb accepts your kill.
You feel better.
Your Polearms skill increases to level 12!
You barely miss the ogre. You barely miss the ogre.
The ogre hits you with a +0 giant club!
A hound comes into view.
The hound barks!
You hit the ogre.
The ogre is lightly wounded.
You hit the ogre but do no damage.
The ogre is lightly wounded.
The ogre hits you with a +0 giant club!!
* * * LOW HITPOINT WARNING * * *
Your magical contamination has completely faded away.
There is a stone staircase leading up here.
The ogre hits you with a +0 giant club!
You die...

##### #...##
#..@.#
#...O#
#....h......
#....#......
#....#......
###### .....
..... ....
....


You could see an ogre and a hound.

Vanquished Creatures
  A water moccasin (D:5)
  2 black bears
  A necrophage (D:4)
  An ogre (D:5)
  A centaur (D:5)
  4 kobold brigands (Sewer)
  A gnoll sergeant (D:5)
  A scorpion (D:4)
  4 orc priests
  4 hounds
  A centaur skeleton (D:5)
  A bullfrog skeleton (D:5)
  An iguana (D:4)
  4 orc wizards
  A hound skeleton (D:4)
  9 gnolls
  16 adders
  3 river rats
  A shadow imp (D:6)
  A white imp (D:5)
  7 worms
  3 dart slugs
  11 orcs
  7 ball pythons
  7 endoplasms
  4 giant cockroaches
  A goblin (D:2)
  5 hobgoblins
  6 jackals
  10 kobolds
  6 quokkas
  7 bats
  5 frilled lizards
  13 rats
150 creatures vanquished.

Vanquished Creatures (others)
  5 plants (D:1)
5 creatures vanquished.

Grand Total: 155 creatures vanquished

Notes
Turn   | Place    | Note
-------+----------+-------------------------------------------
     0 | D:1      | mcbry74 the Merfolk Gladiator began the quest for the Orb.
     0 | D:1      | Reached XP level 1. HP: 16/16 MP: 1/1
    91 | D:1      | Reached XP level 2. HP: 22/22 MP: 2/2
   101 | D:1      | Reached skill level 5 in Polearms
   271 | D:1      | Reached XP level 3. HP: 27/27 MP: 3/3
   432 | D:2      | Found Caskihim's Distillery.
   444 | D:2      | Found a faded altar of an unknown god.
   992 | D:3      | Reached skill level 6 in Polearms
  1325 | D:3      | Reached XP level 4. HP: 23/33 MP: 4/4
  1793 | D:3      | Found a burning altar of Makhleb.
  2096 | D:3      | Identified the +2 helmet of Cops {rN+ Will+ Regen+ rCorr}
  2422 | D:3      | Reached skill level 7 in Polearms
  2422 | D:3      | Reached XP level 5. HP: 38/38 MP: 5/5
  2543 | D:3      | Became a worshipper of Makhleb the Destroyer
  2659 | D:4      | Reached skill level 1 in Invocations
  2811 | D:4      | Noticed a necrophage
  2822 | D:4      | Killed a necrophage
  2823 | D:4      | Reached skill level 8 in Polearms
  2823 | D:4      | Reached XP level 6. HP: 44/44 MP: 5/7
  3014 | D:4      | Reached * piety under Makhleb
  3289 | D:3      | Reached XP level 7. HP: 48/50 MP: 8/8
  3330 | D:4      | Reached skill level 9 in Polearms
  3496 | D:4      | Learned a level 2 spell: Wereblood
  3833 | D:5      | Entered Level 5 of the Dungeon
  3924 | D:5      | Reached skill level 1 in Transmutations
  4084 | D:5      | Reached skill level 10 in Polearms
  4158 | D:5      | Reached XP level 8. HP: 47/56 MP: 10/10
  4212 | D:5      | Found a glowing drain.
  4217 | Sewer    | Entered a sewer
  4389 | Sewer    | Reached skill level 5 in Throwing
  4390 | Sewer    | Reached ** piety under Makhleb
  4670 | Sewer    | Reached skill level 11 in Polearms
  5127 | D:5      | Reached XP level 9. HP: 61/61 MP: 12/12
  5662 | D:6      | Reached skill level 5 in Invocations
  5672 | D:6      | Reached skill level 12 in Polearms
  5677 | D:6      | Slain by an ogre

Illustrated notes

Levels and vault maps discovered:
D:1:      dpeg_arrival_orchard, layout_rooms, serial_bayou_lagoon_a
D:2:      cheibrodos_old_hovel, layout_basic, basic_ecumenical_altar,
          serial_shops, nicolae_shop_waterfront
D:3:      layout_basic, lemuel_round_altar
D:4:      layout_basic, minmay_misc_feat_encased
D:5:      layout_cave_pools, lightli_sewer_entry_pipes,
          nicolae_elevator_lobby_asterisk
D:6:      layout_gridville, lemuel_temple_firewalk_b,
          gammafunk_ghost_abyssal_escape, minmay_ruffians, uniq_maggie

Skill      XL: |  1  2  3  4  5  6  7  8  9 |
---------------+----------------------------+-----
Polearms       | 5 6 7 8 10 11 12 | 12.0
Throwing       | 3 4 5 |  5.8
Invocations    | 1 2 3 4 5 |  5.1
Transmutations | 2 4 |  4.1
Fighting       | |  2.2
Dodging        | |  4.0

Action                   |  1- 3 |  4- 6 |  7- 9 || total
-------------------------+-------+-------+-------++-------
Melee: Trident           |   116 |   168 |   296 ||   580
       Punch             |       |     3 |       ||     3
       Tailslap          |       |       |    19 ||    19
Throw: Stone             |     5 |    17 |       ||    22
       Throwing net      |     2 |     1 |     1 ||     4
       Boomerang         |       |       |    45 ||    45
       Dart              |       |       |    36 ||    36
 Cast: Wereblood         |       |       |     2 ||     2
  Use: Scroll            |       |     7 |     4 ||    11
 Stab: Sleeping          |     2 |       |     1 ||     3
       Held in net/web   |     1 |       |       ||     1
       Distracted        |       |       |     1 ||     1
Armor: Leather armour    |    11 |    31 |    41 ||    83
Dodge: Dodged            |    45 |    78 |   125 ||   248
